 Dungeon Crawl Stone Soup version 0.19.5 (webtiles) character file.

310 manyhoops the Cutter (level 6, -2/28 HPs)
             Began as a Spriggan Enchanter on May 4, 2017.
             Slain by an orc
             ... wielding a +2 flail of draining
              (4 damage)
             ... on level 4 of the Dungeon.
             The game lasted 00:07:49 (3397 turns).

manyhoops the Cutter (Spriggan Enchanter)           Turns: 3397, Time: 00:07:50

Health: -2/28      AC:  3    Str:  4    XL:     6   Next: 18%
Magic:  6/11       EV: 20    Int: 18    God:
Gold:   149        SH:  0    Dex: 17    Spells: 3 memorised, 4 levels left

rFire  + . .     SeeInvis +     u - +0 dagger (venom)
rCold  . . .     Gourm    .     b - +1 robe
rNeg   . . .     Faith    .     (shield restricted)
rPois  .         Spirit   .     (helmet restricted)
rElec  .         Reflect  .     (no cloak)
rCorr  +         Harm     .     (gloves unavailable)
MR     +....     Clarity  +     (boots unavailable)
Stlth  ++++......               (no amulet)
                                p - ring of resist corrosion
                                m - ring of stealth

@: drained, very quick
A: unfitting armour, see invisible, clarity, deterioration 1, fire resistance 1,
herbivore 3, speed 3, slow metabolism 2
a: no special abilities


You were on level 4 of the Dungeon.
You were hungry.

You visited 1 branch of the dungeon, and saw 4 of its levels.

You collected 149 gold pieces.

Inventory:

Hand Weapons
 u - a +0 dagger of venom (weapon)
Armour
 b - a +1 robe (worn)
Jewellery
 m - a ring of stealth (left hand)
 p - a ring of resist corrosion (right hand)
Scrolls
 f - a scroll of fear {unknown}
 g - a scroll of blinking {unknown}
 i - a scroll of random uselessness {unknown}
 o - a scroll of magic mapping {unknown}
 q - 2 scrolls of remove curse
 r - a scroll of teleportation
Potions
 e - a potion of curing
 h - a potion of cancellation
 n - a potion of lignification
 t - a potion of flight {unknown}
Books
 c - a book of Maledictions

   Spells                             Type                      Level
   a - Corona                         Hexes                        1
   b - Ensorcelled Hibernation        Hexes/Ice                    2
   c - Confuse                        Hexes                        3
   d - Tukima's Dance                 Hexes                        3
   e - Dazzling Spray                 Conjuration/Hexes            3
Comestibles
 a - a slice of pizza
 d - 2 bread rations
 l - 4 fruits


   Skills:
 + Level 6.3(6.0) Short Blades
 - Level 4.7(4.4) Dodging
 - Level 4.4(4.1) Stealth
 - Level 2.6(2.4) Spellcasting
 - Level 3.6(3.3) Hexes


You had 4 spell levels left.
You knew the following spells:

 Your Spells              Type           Power        Failure   Level  Hunger
a - Corona                Hex            ##.....      6%          1    #......
b - Ensorcelled Hibernat  Hex/Ice        #.....       14%         2    ##.....
c - Confuse               Hex            ##......     17%         3    ###....


Dungeon Overview and Level Annotations

Branches:
Dungeon (4/15)
 Temple: D:4-7

Altars:


Innate Abilities, Weirdness & Mutations

You are very small and have problems with some larger weapons.
You are too small for most types of armour.
You have supernaturally acute eyesight. (SInv)
You are a herbivore.
You cover ground extremely quickly.
You need consume almost no food.
You possess an exceptional clarity of mind.
Your body sometimes deteriorates upon taking damage.
Your flesh is heat resistant. (rF+)


Message History

You hit the orc.
The orc is poisoned.
The orc is lightly wounded.
You hit the orc but do no damage.
The orc is heavily wounded.
You kill the orc!
Things that are here:
a club; an orc corpse
Things that are here:
a short sword; an orc corpse
There is a stone staircase leading down here.
You climb downwards.
The orc misses you. The orc hits you with a hand axe.
The orc barely misses you. The orc closely misses you.
The orc hits you with a flail of draining.
You feel drained.
There is a stone staircase leading up here.
The orc hits you with a hand axe of chopping.
* * * LOW HITPOINT WARNING * * *
x2 The orc misses you.
The orc hits you with a flail of draining.
You die...

## ..... #..###
....
#.....###...
........#..#
.........#.#
...........#
........o..#
.......o@..##
.........o..###
................
................
...........##...
............# #.
..........###
#........##
##########


You could see 3 orcs.

Vanquished Creatures
  2 big kobolds (D:3)
  2 orc priests (D:3)
  5 adders
  2 worms (D:2)
  4 leopard geckos
  8 orcs (D:3)
  3 giant cockroaches
  5 goblins
  5 hobgoblins
  4 jackals (D:3)
  A ball python (D:2)
  7 bats
  2 frilled lizards (D:1)
  11 kobolds
  9 rats
70 creatures vanquished.

Notes
Turn   | Place    | Note
-------+----------+-------------------------------------------
     0 | D:1      | manyhoops the Spriggan Enchanter began the quest for the Orb.
     0 | D:1      | Reached XP level 1. HP: 9/9 MP: 5/5
   579 | D:1      | Reached XP level 2. HP: 13/13 MP: 6/6
   615 | D:1      | Learned a level 2 spell: Ensorcelled Hibernation
   921 | D:1      | Reached skill level 2 in Short Blades
  1273 | D:2      | Reached XP level 3. HP: 16/16 MP: 2/8
  1568 | D:2      | Reached skill level 3 in Short Blades
  1847 | D:3      | Reached XP level 4. HP: 17/21 MP: 6/9
  2267 | D:3      | Learned a level 3 spell: Confuse
  2493 | D:3      | Reached skill level 4 in Short Blades
  2689 | D:3      | Reached XP level 5. HP: 18/24 MP: 5/10
  2729 | D:3      | Gained mutation: You possess an exceptional clarity of mind. [potion of mutation]
  2729 | D:3      | Gained mutation: Your flesh is heat resistant. (rF+) [potion of mutation]
  2729 | D:3      | Gained mutation: Your body sometimes deteriorates upon taking damage. [potion of mutation]
  2959 | D:3      | Reached skill level 5 in Short Blades
  2988 | D:3      | Reached skill level 6 in Short Blades
  2988 | D:3      | Reached XP level 6. HP: 13/28 MP: 4/11
  3397 | D:4      | Slain by an orc

Skill      XL: |  1  2  3  4  5 |
---------------+----------------+-----
Short Blades   | 2 3 4 6 |  6.3
Dodging        | 4 |  4.7
Stealth        | |  4.4
Spellcasting   | |  2.6
Hexes          | |  3.6

Action                   |  1- 3 |  4- 6 || total
-------------------------+-------+-------++-------
Melee: Dagger            |   147 |   102 ||   249
 Cast: Corona            |     3 |       ||     3
       Ensorcelled Hiber |     9 |    16 ||    25
       Confuse           |       |     3 ||     3
  Use: Potion            |       |     4 ||     4
       Scroll            |       |     4 ||     4
 Stab: Sleeping          |    12 |    11 ||    23
       Confused          |       |     1 ||     1
       Distracted        |       |     2 ||     2
  Eat: Fruit             |       |     2 ||     2
Armor: Robe              |    18 |    15 ||    33
Dodge: Dodged            |   112 |    90 ||   202
